 Dungeon Crawl Stone Soup version 0.32-a0-558-g233958a4c4 (webtiles) character file.

Game seed: 13176488288548542416

92 Dirtsage the Chopper (level 4, 0/33 HPs)
             Began as a Coglin Gladiator on Mar 1, 2024.
             Slain by a gnoll
             ... wielding a +0 whip
              (3 damage)
             ... on level 3 of the Dungeon.
             The game lasted 00:02:06 (1467 turns).

Dirtsage the Chopper (Coglin Gladiator)             Turns: 1467, Time: 00:02:06

Health: 0/33       AC:  4    Str: 17    XL:     4   Next: 60%
Magic:  4/4        EV: 12    Int:  7    God:
Gold:   130        SH:  0    Dex: 15    Spells: 3/3 levels left

rFire   . . .        a - +0 war axe {Aida}
rCold   . . .        o - +0 hand axe {Cedro}
rNeg    . . .        b - +0 leather armour
rPois   .            c - +0 helmet
rElec   .            (no cloak)
rCorr   .            (no gloves)
SInv    .            (no boots)
Will    .....        (amulet unavailable)
Stlth   +            (ring unavailable)
HPRegen 0.25/turn    (ring unavailable)
MPRegen 0.09/turn    (no gizmo)

%: no passive effects
@: revved
A: off-hand wielding, slow wielding, warmup strikes, no jewelry
a: Invent Gizmo


You were on level 3 of the Dungeon.
You visited 1 branch of the dungeon, and saw 3 of its levels.

You collected 130 gold pieces.

Inventory:

Hand Weapons
 a - a +0 war axe (weapon) {Aida}
 o - a +0 hand axe (offhand) {Cedro}
Missiles
 d - 3 throwing nets (quivered)
 e - a javelin
Armour
 b - a +0 leather armour (worn)
 c - a +0 helmet (worn)
Scrolls
 g - a scroll of poison {unknown}
 h - a scroll of torment {unknown}
 i - a scroll of fog {unknown}
 j - a scroll of fear {unknown}
 k - a scroll of revelation {unknown}
 m - a scroll of teleportation {unknown}
Potions
 f - 2 potions of invisibility {unknown}
 l - a potion of heal wounds {unknown}
 n - a potion of might {unknown}


   Skills:
 - Level 2.0 Fighting
 + Level 5.2 Axes
 - Level 1.7 Throwing
 - Level 2.6 Dodging


You had 3 spell levels left.
You didn't know any spells.
Your spell library contained the following spells:

 Spells                   Type           Power      Damage    Failure   Level
 Kiss of Death            Conj/Necr      0%         2d5       50%         1
 Confusing Touch          Hex            0%         N/A       86%         3
 Gell's Gravitas          Tloc           0%         N/A       86%         3
 Teleport Other           Tloc           0%         N/A       86%         3
 Tukima's Dance           Hex            0%         N/A       86%         3
 Dimensional Bullseye     Hex/Tloc       0%         N/A       99%         4
 Dispel Undead            Necr           0%         3d6       99%         4
 Iskenderun's Mystic Bla  Conj/Tloc      0%         2d3       99%         4
 Dispersal                Tloc           0%         N/A       100%        6


Dungeon Overview and Level Annotations

Branches:
Dungeon (3/15)

Altars:


Innate Abilities, Weirdness & Mutations

You can wield a second weapon in your off-hand.
It takes a long time for you to wield or remove held weapons.
Your first few attacks do less damage.
You cannot equip rings or amulets.


Message History

You are too injured to fight recklessly!
You are too injured to fight recklessly!
You are too injured to fight recklessly!
You are too injured to fight recklessly!
You are too injured to fight recklessly!
You are too injured to fight recklessly!
You are too injured to fight recklessly!
You are too injured to fight recklessly!
You are too injured to fight recklessly!
You are too injured to fight recklessly!
You are too injured to fight recklessly!
You are too injured to fight recklessly!
The gnoll completely misses you. The gnoll barely misses you.
You see here an adder corpse.
You hit the gnoll with your +0 war axe.
The gnoll is moderately wounded.
You hit the gnoll with your +0 war axe.
You hit the gnoll with your +0 hand axe. x2
The gnoll hits you with a +0 halberd!
* * * LOW HITPOINT WARNING * * *
The gnoll hits you but does no damage. x2; The gnoll closely misses you.
You take 13 damage, and have 3/33 hp.
MASSIVE DAMAGE!!
You hit the gnoll with your +0 hand axe.
The gnoll is lightly wounded.
You hit the gnoll but do no damage.
You completely miss the gnoll with your +0 hand axe.
You hit the gnoll with your +0 war axe.
You closely miss the gnoll with your +0 war axe.
You slash the gnoll with your +0 war axe!
You kill the gnoll!
The gnoll closely misses you. The gnoll hits you with a +0 club.
* * * LOW HITPOINT WARNING * * *
You slash the gnoll with your +0 war axe!
You kill the gnoll!
You closely miss the gnoll with your +0 war axe.
You completely miss the gnoll with your +0 war axe.
You hit the gnoll with your +0 hand axe.
You closely miss the gnoll with your +0 hand axe.
The gnoll barely misses you. The gnoll hits you with a +0 whip.
You die...

#...........#
#...<.......#
##.........## ####
#.....).....## #...#
#.....#...#..## #.....
###..###......# #......
####..###.###...........
....<...#)# #.###g......
........#.# #...@)......
..........###..#g##.....
##.%.#.##......#.# ...
##..#..####......... .
#..##.. ...##..#... #..#
#.###.....##.. #..# .#
..##.## #. .####.# .# #


You could see 2 gnolls.

Vanquished Creatures
  2 gnolls (D:3)
  4 adders
  2 ribbon worms (D:2)
  An orc (D:3)
  2 ball pythons (D:1)
  3 giant cockroaches (D:2)
  10 goblins
  3 hobgoblins
  2 kobolds (D:2)
  4 quokkas
  3 bats
  3 frilled lizards
  3 rats
42 creatures vanquished.

Notes
Turn   | Place    | Note
-------+----------+-------------------------------------------
     0 | D:1      | Dirtsage the Coglin Gladiator began the quest for the Orb.
     0 | D:1      | Reached XP level 1. HP: 16/16 MP: 1/1
   182 | D:1      | Reached XP level 2. HP: 7/22 MP: 2/2
   620 | D:2      | Reached skill level 4 in Axes
   633 | D:2      | Reached XP level 3. HP: 23/27 MP: 3/3
   904 | D:2      | Reached XP level 4. HP: 29/33 MP: 4/4
  1441 | D:3      | Reached skill level 5 in Axes
  1467 | D:3      | Slain by a gnoll

Illustrated notes

Levels and vault maps discovered:
D:1:      minmay_arrival_loop, layout_rooms, chequers_jeans
D:2:      layout_basic, minmay_indecisive_spiral
D:3:      layout_rooms, grunt_temple_overflow_lords_of_destruction, minivault_26

Skill      XL: |  1  2  3  4 |
---------------+-------------+-----
Axes           | 4 5 |  5.2
Fighting       | |  2.0
Throwing       | |  1.7
Dodging        | |  2.6

Action                     |  1- 3 |  4- 6 || total
---------------------------+-------+-------++-------
  Melee: War axe           |    96 |    33 ||   129
         Hand axe          |       |    16 ||    16
 Armour: Leather armour    |    63 |    23 ||    86
  Dodge: Dodged            |    69 |    29 ||    98

Table legend: (Time is in decaauts)
 A = Elapsed time spent in this place.
 B = Non-inter-level travel time spent in this place.
 C = Inter-level travel time spent in this place.
 D = Time resting spent in this place.
 E = Time spent auto-exploring this place.
 F = Levels seen in this place.
 G = Mean time per level.
                   A        B        C        D        E       F      G
               +--------+--------+--------+--------+--------+-----+--------+
         Total |   1501 |   1469 |     32 |      0 |   1165 |   3 |  500.3 |
       Dungeon |   1501 |   1469 |     32 |      0 |   1165 |   3 |  500.3 |
               +--------+--------+--------+--------+--------+-----+--------+

Top non-repeatable levels by time:
     D:2: 848 daAuts
     D:1: 613 daAuts
     D:3: 38 daAuts
